 Dungeon Crawl Stone Soup version 0.25-a0-571-gb5e01bddfa (webtiles) character file.

Game seed: 1555128708913129912, levelgen mode: deterministic

30648 cappocean the Fighter (level 13, -3/99 HPs)
             Began as an Octopode Hunter on Feb 29, 2020.
             Was an Elder of Fedhas.
             Slain by a redback (18 damage)
             ... on level 3 of the Lair of Beasts.
             The game lasted 00:47:06 (25436 turns).

cappocean the Fighter (Octopode Hunter)            Turns: 25436, Time: 00:47:07

Health: -3/99      AC:  1    Str: 15    XL:     13   Next: 53%
Magic:  19/19      EV: 22    Int: 21    God:    Fedhas [****..]
Gold:   342        SH:  5    Dex: 15    Spells: 8/18 levels left

rFire    . . .     SeeInvis .   O - +1 war axe (vorpal)
rCold    + . .     Gourm    .   P - +0 buckler
rNeg     . . .     Faith    .   (helmet restricted)
rPois    +         Spirit   .   K - amulet of the acrobat
rElec    .         Reflect  .   p - ring of wizardry
rCorr    +         Harm     .   v - +3 ring of evasion
MR       .....                  w - ring of resist corrosion
Stlth    +++.......             G - ring of protection from cold
HPRegen  0.26/turn              N - +3 ring of dexterity
MPRegen  0.16/turn              W - ring of poison resistance
                                U - +2 ring of strength
                                R - +6 ring of intelligence

@: studying Fighting
A: almost no armour, stealthy swim, amphibious, 8 rings, constrict 8, camouflage
1, weak 1, gelatinous body 1
a: Wall of Briars, Grow Ballistomycete, Overgrow, Renounce Religion


You were on level 3 of the Lair of Beasts.
You worshipped Fedhas.
Fedhas was greatly pleased with you.
You were hungry.

You visited 2 branches of the dungeon, and saw 14 of its levels.
You also visited: Ice Cave.

You collected 970 gold pieces.
You spent 628 gold pieces at shops.

Inventory:

Hand Weapons
 m - a +0 spear of venom
 C - a +2 flail of protection
 O - a +1 vorpal war axe (weapon)
Missiles
 b - 4 javelins
 c - 3 throwing nets {!f}
 f - 43 poisoned darts (quivered)
Armour
 P - a +0 buckler (worn)
Magical Staves
 a - an uncursed staff of summoning {unknown}
Jewellery
 o - an uncursed ring of positive energy
 p - a ring of wizardry (left tentacle)
 u - an uncursed ring of see invisible
 v - a +3 ring of evasion (right tentacle)
 w - a ring of resist corrosion (on tentacle)
 G - a ring of protection from cold (on tentacle)
 K - an amulet of the acrobat (around mantle)
 N - a +3 ring of dexterity (on tentacle)
 R - a +6 ring of intelligence (on tentacle)
 U - a +2 ring of strength (on tentacle)
 W - a ring of poison resistance (on tentacle)
Wands
 l - a wand of acid (9)
 L - a wand of disintegration (2)
 S - a wand of polymorph (9)
 V - a wand of iceblast (6)
Scrolls
 g - 2 scrolls of enchant weapon
 i - 10 scrolls of teleportation {@r3}
 j - 3 scrolls of fog
 k - a scroll of fear
 n - a scroll of holy word
 r - 3 scrolls of remove curse {@r2}
 z - 2 scrolls of immolation
 F - 4 scrolls of silence
 X - 2 scrolls of enchant armour
 Z - 2 scrolls of blinking
Potions
 e - 4 potions of brilliance
 q - 2 potions of might
 s - a potion of heal wounds
 t - a potion of cancellation {unknown}
 A - 3 potions of haste
 B - a potion of magic
 D - 2 potions of stabbing {unknown}
 E - 4 potions of mutation {unknown}
 J - 2 potions of degeneration {unknown}
 M - a potion of lignification {unknown}
 T - a potion of flight {unknown}
Books
 h - a manual of Fighting
Miscellaneous
 H - a sack of spiders
Comestibles
 d - 21 rations


   Skills:
 + Level 13.4 Fighting
 * Level 12.8(13.1) Axes
 - Level 4.2(9.5) Polearms
 - Level 4.0 Throwing
 - Level 8.5 Dodging
 - Level 1.3 Stealth
 - Level 4.0 Shields
 - Level 3.3 Spellcasting
 - Level 3.0 Translocations
 + Level 8.2 Invocations
 - Level 6.0 Evocations


You had 8 spell levels left.
You knew the following spells:

 Your Spells              Type           Power        Failure   Level  Hunger
a - Blink                 Tloc           N/A          2%          2    ##.....
b - Mephitic Cloud        Conj/Pois/Air  #.......     16%         3    ###....
c - Call Imp              Summ           #.......     9%          2    ##.....
d - Conjure Flame         Conj/Fire      #.......     16%         3    ###....

Your spell library contained the following spells:

 Spells                   Type           Power        Failure   Level  Hunger
 Beastly Appendage        Tmut           #.....       5%          1    None
 Corona                   Hex            #......      5%          1    None
 Foxfire                  Conj/Fire      #...         5%          1    None
 Magic Dart               Conj           #...         5%          1    None
 Ensorcelled Hibernation  Hex/Ice        #.....       9%          2    ##.....
 Slow                     Hex            #.......     9%          2    ##.....
 Sticks to Snakes         Tmut           #.......     9%          2    ##.....
 Confusing Touch          Hex            #.......     16%         3    ###....
 Dazzling Flash           Conj/Hex       #.....       16%         3    ###....
 Inner Flame              Hex/Fire       #.......     16%         3    ###....
 Spider Form              Tmut/Pois      #.........   16%         3    ###....
 Tukima's Dance           Hex            #.......     16%         3    ###....
 Cause Fear               Hex            #.........   45%         4    ####...
 Ice Form                 Ice/Tmut       #.......     45%         4    ####...
 Sticky Flame             Conj/Fire      #.......     45%         4    ####...
 Blade Hands              Tmut           #.........   78%         5    ######.
 Fireball                 Conj/Fire      #.........   78%         5    ######.
 Dragon Form              Tmut           #.........   100%        7    #######
 Dragon's Call            Summ           #.........   100%        9    #######


Dungeon Overview and Level Annotations

Branches:
Dungeon (11/15)            Temple (0/1) D:6            Lair (3/6) D:10
 Spider (0/4) Lair:3          Orc (0/2) D:11          IceCv (visited)
  Swamp: Lair:2-4    Shoals: Lair:2-4

Altars:
Cheibriados
Dithmenos
Elyvilon
Fedhas
Nemelex Xobeh
Okawaru
Qazlal
Ru
Trog
Vehumet
Wu Jian
Yredelemnul
Zin
The Shining One

Shops:
D:4 ?   D:5 *}   D:7 =   D:10 :

Annotations:
D:11 Erolcha


Innate Abilities, Weirdness & Mutations

You cannot wear most types of armour.
You are very stealthy in the water. (Stealth+)
You are amphibious.
You can wear up to eight rings at the same time.
You can use your tentacles to constrict eight enemies at once.
Your skin changes colour to match your surroundings (Stealth+).
Your rubbery body absorbs attacks. (AC +1, EV +1)
You are weak. (Str -2)


Message History

You are caught in a web!
You struggle to detach yourself from the web.
The jumping spider closely misses you. The jumping spider bites you.
The redback bites you. The jumping spider pounces on you.
You are even more entangled.
The jumping spider bites you.
The web tears apart.
The redback completely misses you. The redback bites you!
You slash the redback! You grab the redback. You slash the redback!
You constrict the redback. The redback barely misses you.
You barely miss the redback. You closely miss the redback.
You constrict the redback. You block the redback's attack.
The redback bites you! The jumping spider closely misses you.
The jumping spider bites you. The redback closely misses you.
You barely miss the redback. x2
You hit the jumping spider but do no damage.
You constrict the redback. The redback bites you!
* * * LOW HITPOINT WARNING * * *
The jumping spider closely misses you. The jumping spider misses you.
The redback bites you!!
You die...
Fedhas appreciates your contribution to the ecosystem.

.........# ##....P.............
.........#.>..##......†..........
.........#...^.##................
.........##....^#................
..........##.^^^##...............
...........#..^..#...............
...........###^..##..............
.............##sss##.............
..............##@................
..............#.................
................................
...............................
..............................
..............................
.............................
............................
...........................


You could see a jumping spider and 2 redbacks.

Vanquished Creatures
  Snorg (Lair:3)
  3 hydras (Lair:2)
  A death knight (D:9)
  4 two-headed ogres
  An unseen horror (D:10)
  An ugly thing (D:11)
  A black mamba (Lair:1)
  An ice statue (IceCv)
  5 spiny frogs
  A gargoyle (D:11)
  Maggie (D:8)
  2 rime drakes (Lair:2)
  A komodo dragon (Lair:2)
  4 trolls
  A hornet (D:11)
  5 blink frogs (Lair:2)
  Grinder (D:3)
  14 polar bears (IceCv)
  3 hippogriffs
  2 shadows (D:11)
  A vampire (D:7)
  28 yaks
  2 wyverns
  A human (D:6)
  4 hungry ghosts
  A two-headed ogre zombie (D:11)
  5 water moccasins
  3 porcupines
  5 sky beasts
  An ice beast (D:9)
  2 necrophages
  3 orc warriors
  A black bear (D:9)
  5 phantoms
  17 wolves
  4 ogres
  3 centaurs
  5 crocodiles
  2 big kobolds
  8 bullfrogs
  6 scorpions
  A water moccasin skeleton (D:7)
  6 killer bees (D:8)
  2 troll zombies (D:11)
  12 wights
  5 electric eels
  A centaur zombie (D:9)
  7 howler monkeys
  10 hounds
  3 crimson imps
  A human zombie (D:6)
  2 bullfrog skeletons
  Crazy Yiuf (D:3)
  2 jellies
  5 orc priests
  6 orc wizards
  3 iguanas
  A human skeleton (D:6)
  4 worker ants
  5 ogre zombies (D:11)
  A hound zombie (D:10)
  A hound skeleton (D:4)
  3 worker ant zombies
  9 adders
  13 gnolls
  2 shadow imps
  3 oozes
  3 adder zombies
  An adder skeleton (D:4)
  2 worms
  2 dart slugs (D:1)
  5 leopard geckos
  20 orcs
  8 bats
  7 giant cockroaches
  7 goblins
  7 hobgoblins
  9 jackals
  15 kobolds
  2 quokkas
  2 ball pythons (D:3)
  6 frilled lizards
  3 goblin skeletons (D:11)
  2 goblin zombies (D:11)
  A hobgoblin skeleton (D:11)
  3 hobgoblin zombies (D:11)
  2 leopard gecko zombies
  16 orc zombies (D:11)
  7 rats
  3 ballistomycete spores (D:9)
402 creatures vanquished.

Vanquished Creatures (collateral kills)
  A frost giant (IceCv)
  29 ballistomycete spores
30 creatures vanquished.

Vanquished Creatures (others)
  2 polar bears (IceCv)
  4 yaks (IceCv)
  2 wolves (IceCv)
  An orc wizard (D:9)
  5 ballistomycete spores
  5 fungi (Lair:2)
  4 plants
23 creatures vanquished.

Grand Total: 455 creatures vanquished

Notes
Turn   | Place    | Note
-------+----------+-------------------------------------------
     0 | D:1      | cappocean the Octopode Hunter began the quest for the Orb.
     0 | D:1      | Reached XP level 1. HP: 14/14 MP: 1/1
    44 | D:1      | Reached XP level 2. HP: 18/20 MP: 2/2
   140 | D:1      | Reached skill level 3 in Fighting
   353 | D:1      | Reached XP level 3. HP: 26/26 MP: 3/3
   856 | D:2      | Reached skill level 4 in Fighting
   948 | D:2      | Reached XP level 4. HP: 33/33 MP: 4/4
  1348 | D:2      | Found a blossoming altar of Fedhas.
  1674 | D:2      | Became a worshipper of Fedhas Madash
  1718 | D:2      | Reached skill level 5 in Fighting
  1718 | D:2      | Reached XP level 5. HP: 37/39 MP: 5/5
  1911 | D:2      | Found a glowing silver altar of Zin.
  2247 | D:3      | Noticed Grinder
  2251 | D:3      | Killed Grinder
  2251 | D:3      | Reached skill level 6 in Fighting
  2251 | D:3      | Reached XP level 6. HP: 35/46 MP: 5/7
  2297 | D:3      | Found a transporter.
  2361 | D:3      | Found a runed translucent door.
  2362 | D:3      | Noticed Crazy Yiuf
  2511 | D:3      | Found a transporter.
  2676 | D:3      | Reached * piety under Fedhas
  3186 | D:3      | Killed Crazy Yiuf
  3509 | D:4      | Reached XP level 7. HP: 53/53 MP: 9/9
  3545 | D:4      | Reached skill level 1 in Polearms
  3842 | D:4      | Found a white marble altar of Elyvilon.
  3895 | D:4      | Found Rezielot's Magic Scroll Emporium.
  3903 | D:4      | Bought a scroll of silence for 75 gold pieces
  3903 | D:4      | Bought a scroll of teleportation for 30 gold pieces
  3903 | D:4      | Bought a scroll of enchant weapon for 75 gold pieces
  4493 | D:5      | Entered Level 5 of the Dungeon
  4791 | D:5      | Reached ** piety under Fedhas
  4876 | D:5      | Found Omaowo Fine's Gadget Boutique.
  5052 | D:5      | Reached XP level 8. HP: 52/58 MP: 10/10
  5072 | D:5      | Reached skill level 7 in Fighting
  5201 | D:5      | Found Tmesias's Tempting Trifles.
  5629 | D:6      | Found a runed translucent door.
  5664 | D:6      | Found a basalt altar of Yredelemnul.
  5699 | D:6      | Reached skill level 5 in Evocations
  5776 | D:6      | Found a staircase to the Ecumenical Temple.
  5851 | D:6      | Reached skill level 8 in Fighting
  6517 | D:6      | Found a sparkling altar of Nemelex Xobeh.
  6541 | D:6      | Gained mutation: You are weak. (Str -2) [mutagenic glow]
  6636 | D:6      | Reached XP level 9. HP: 22/66 MP: 13/13
  6924 | D:6      | Reached skill level 9 in Fighting
  7385 | D:7      | Found Toneen's Jewellery Emporium.
  7388 | D:7      | Bought a cursed amulet of inaccuracy for 22 gold pieces
  7388 | D:7      | Bought a cursed ring of attention for 49 gold pieces
  7388 | D:7      | Bought a +2 ring of strength for 82 gold pieces
  7461 | D:7      | Reached *** piety under Fedhas
  7504 | D:8      | Reached skill level 5 in Dodging
  7831 | D:8      | Found a shadowy altar of Dithmenos.
  8472 | D:8      | Noticed a two-headed ogre
  8488 | D:8      | Killed a two-headed ogre
  8488 | D:8      | Reached XP level 10. HP: 40/74 MP: 14/14
  8750 | D:8      | Found a snail-covered altar of Cheibriados.
  8908 | D:8      | Reached skill level 1 in Axes
  9139 | D:8      | Noticed Maggie
  9628 | D:7      | Reached **** piety under Fedhas
 10378 | D:3      | Found a transporter.
 10701 | D:3      | Found a transporter.
 11282 | D:8      | Reached skill level 5 in Axes
 11621 | D:9      | Learned a level 2 spell: Blink
 11625 | D:9      | Learned a level 3 spell: Mephitic Cloud
 11646 | D:9      | Noticed a two-headed ogre
 11659 | D:9      | Killed a two-headed ogre
 11659 | D:9      | Reached skill level 1 in Spellcasting
 11808 | D:9      | Reached XP level 11. HP: 33/80 MP: 15/15
 12165 | D:9      | Noticed a death knight
 12184 | D:9      | Found a glowing silver altar of Zin.
 12194 | D:9      | Killed a death knight
 12774 | D:9      | Found a radiant altar of Vehumet.
 12774 | D:9      | Found a sacrificial altar of Ru.
 12775 | D:9      | Found a glowing golden altar of the Shining One.
 12775 | D:9      | Found a bloodstained altar of Trog.
 12776 | D:9      | Found a basalt altar of Yredelemnul.
 12776 | D:9      | Found a stormy altar of Qazlal.
 12776 | D:9      | Found an ornate altar of the Wu Jian Council.
 12777 | D:9      | Found an iron altar of Okawaru.
 12837 | D:9      | Found a basalt altar of Yredelemnul.
 13115 | D:9      | Learned a level 2 spell: Call Imp
 13119 | D:9      | Learned a level 3 spell: Conjure Flame
 13121 | D:9      | Identified a scroll of acquirement
 13128 | D:9      | Identified the +8 trident "Humul" {vorpal, +Rage rF- rN+}
                  | (You acquired it on level 9 of the Dungeon)
 13135 | D:10     | Entered Level 10 of the Dungeon
 13139 | D:10     | Found Qarhuf's Book Shoppe.
 13475 | D:10     | Killed an unseen horror
 13756 | D:10     | Noticed a two-headed ogre
 13776 | D:10     | Killed a two-headed ogre
 14223 | D:10     | Found a staircase to the Lair.
 14477 | D:10     | Reached skill level 5 in Invocations
 14568 | D:11     | Noticed Erolcha
 15071 | D:11     | Reached ***** piety under Fedhas
 15183 | D:11     | Noticed a purple ugly thing
 15271 | D:11     | Found a staircase to the Orcish Mines.
 15856 | D:11     | Reached skill level 10 in Fighting
 16502 | D:11     | Noticed a two-headed ogre
 16520 | D:11     | Killed a two-headed ogre
 16520 | D:11     | Reached XP level 12. HP: 35/88 MP: 16/16
 16541 | D:11     | HP: 1/88 [gargoyle/+2 flail of protection (18)]
 17487 | D:11     | Reached skill level 10 in Axes
 17905 | D:8      | Killed Maggie
 18013 | D:7      | Bought an uncursed ring of poison resistance for 220 gold
                  | pieces
 18136 | D:4      | Bought a scroll of holy word for 75 gold pieces
 18514 | Lair:1   | Entered Level 1 of the Lair of Beasts
 18947 | Lair:1   | Reached skill level 11 in Fighting
 19672 | Lair:2   | Noticed a four-headed hydra
 19682 | Lair:2   | Noticed a six-headed hydra
 19702 | Lair:2   | Killed a four-headed hydra
 19702 | Lair:2   | Killed a six-headed hydra
 19704 | Lair:2   | Noticed a six-headed hydra
 19712 | Lair:2   | Killed a six-headed hydra
 19769 | Lair:2   | Found a frozen archway.
 19800 | IceCv    | Entered an ice cave
 19815 | IceCv    | Reached skill level 12 in Fighting
 20453 | IceCv    | Reached skill level 1 in Shields
 21818 | IceCv    | Reached XP level 13. HP: 65/98 MP: 18/18
 23482 | IceCv    | Noticed a frost giant
 23523 | IceCv    | Killed a frost giant
 23523 | IceCv    | Reached skill level 13 in Fighting
 23724 | IceCv    | Got a polished dagger
 23730 | IceCv    | Identified the cursed +1 dagger of Dividends {flame, rPois
                  | Int+4 Dex+4} (You found it in an ice cave)
 25369 | Lair:3   | Noticed Snorg
 25390 | Lair:3   | Killed Snorg
 25431 | Lair:3   | Found a hole to the Spider Nest.
 25436 | Lair:3   | Slain by a redback

Levels and vault maps discovered:
D:1:      dpeg_arrival_round_c, layout_basic
D:2:      layout_loops_ring, marbit_many_paths, fedhas_ov_isle_minmay
D:3:      gammafunk_steamed_eel, layout_loops_corners, portal_sewer_entry_e,
          uniq_crazy_yiuf_cottage, uniq_grinder
D:4:      layout_basic, serial_shops, shop, elyvilon_altar_1
D:5:      layout_basic, first_ration, serial_shops, shop, minivault_1,
          nicolae_alphabet_shops
D:6:      layout_basic, nemelex_altar_shiori, minmay_temple_entry_junction,
          nicolae_benzene_ring, dk_yredelemnul_ordeal
D:7:      layout_gridville, serial_shops, kennysheep_mini_moat, st_stairs_10
D:8:      layout_loops_ring, old_standard_altar,
          nicolae_dithmenos_through_a_glass_darkly, uniq_maggie
D:9:      layout_rooms, grunt_temple_overflow_open, grunt_ogre_cave,
          serial_bayou_pond_c, hangedman_feature_mirror,
          hangedman_abyss_or_decor_lesser_grid
D:10:     layout_rooms, erik_lair_island, serial_shops,
          nicolae_shop_competitors_out_of_business
D:11:     layout_rooms, zombieorc2_lemuel, kennysheep_big_empty_room,
          minmay_misc_feat_four_crosses, uniq_erolcha
Lair:1:   layout_cave_shapes
Lair:2:   layout_regular_city, portal_ice_cave_rime, grunt_megastairs_4
Lair:3:   layout_layer_cave, skrybe_swamp_entry_bodies,
          spider_nest_entry_funnel_web, infiniplex_staircase_pool,
          minmay_lair_oklob_chamber, serial_bayou_shore_b, grunt_megastairs_2,
          uniq_snorg

Skill      XL: |  1  2  3  4  5  6  7  8  9 10 11 12 13 |
---------------+----------------------------------------+-----
Fighting       | 3 4 5 6 8 9 10 12 13 | 13.4
Invocations    | 2 6 7 8 |  8.2
Evocations     | 2 3 6 |  6.0
Polearms       | 3 4 |  4.2
Dodging        | 8 |  8.5
Axes           | 7 9 11 12 | 12.8
Spellcasting   | 1 3 |  3.3
Translocations | 2 3 |  3.0
Shields        | 3 4 |  4.0
Throwing       | |  4.0
Stealth        | |  1.3

Action                   |  1- 3 |  4- 6 |  7- 9 | 10-12 | 13-15 || total
-------------------------+-------+-------+-------+-------+-------++-------
Melee: Short sword       |    49 |       |       |       |       ||    49
       Constrict         |    13 |    24 |    59 |    91 |    13 ||   200
       Tentacles         |    11 |    14 |    65 |   175 |    52 ||   317
       Spear             |       |   116 |   319 |   411 |       ||   846
       Morningstar       |       |       |    20 |       |       ||    20
       War axe           |       |       |       |   370 |   199 ||   569
       Unarmed           |       |       |       |     3 |       ||     3
Throw: Javelin           |     2 |     3 |       |    18 |       ||    23
       Dart              |       |       |       |    23 |    35 ||    58
 Cast: Blink             |       |       |       |     1 |     1 ||     2
Invok: Wall of Briars    |       |       |     1 |     2 |       ||     3
       Grow Ballistomyce |       |       |       |     7 |     3 ||    10
       Grow Oklob        |       |       |       |       |     1 ||     1
Evoke: Wand              |       |     3 |     4 |    70 |     8 ||    85
  Use: Scroll            |       |     2 |       |    20 |     3 ||    25
       Potion            |       |       |     2 |     5 |     1 ||     8
 Stab: Sleeping          |     5 |    10 |    11 |     9 |     3 ||    38
       Distracted        |       |       |     2 |     1 |     1 ||     4
       Confused          |       |       |       |       |     3 ||     3
  Eat: Chunk             |       |     8 |     8 |    30 |    12 ||    58
       Ration            |       |       |     2 |     5 |       ||     7
Armor: Skin              |     8 |     7 |    10 |     7 |     2 ||    34
Dodge: Dodged            |    26 |    66 |   199 |   594 |   174 ||  1059
Block: Buckler           |       |       |       |    21 |    32 ||    53

Table legend:
 A = Non-vault XP
 B = Vault XP
 C = Vault XP percentage of total XP
 D = Non-vault monster count
 E = Vault monster count
 F = Vault count percentage of total count
                 A         B        C        D         E       F
            +---------+---------+-------+---------+---------+-------
      Total |   27274 |   16510 |  37.7 |     283 |     118 |  29.4
            +---------+---------+-------+---------+---------+-------
        D:1 |      61 |       0 |   0.0 |      25 |       0 |   0.0
        D:2 |     116 |       5 |   4.1 |      21 |       1 |   4.5
        D:3 |     111 |     496 |  81.7 |      18 |      13 |  41.9
        D:4 |     367 |       0 |   0.0 |      14 |       0 |   0.0
        D:5 |     656 |       0 |   0.0 |      27 |       0 |   0.0
        D:6 |     721 |     272 |  27.4 |      12 |       3 |  20.0
        D:7 |    1085 |      44 |   3.9 |      17 |       1 |   5.6
        D:8 |    3166 |     385 |  10.8 |      45 |       1 |   2.2
        D:9 |    3896 |     300 |   7.1 |      23 |       3 |  11.5
       D:10 |    2675 |     995 |  27.1 |      17 |       7 |  29.2
       D:11 |    4835 |     749 |  13.4 |      30 |      35 |  53.8
     Lair:1 |    2170 |       0 |   0.0 |      11 |       0 |   0.0
     Lair:2 |    6897 |     745 |   9.7 |      21 |       2 |   8.7
     Lair:3 |     518 |    1446 |  73.6 |       2 |       3 |  60.0
      IceCv |       0 |   11073 | 100.0 |       0 |      49 | 100.0
            +---------+---------+-------+---------+---------+-------
